 Dungeon Crawl Stone Soup version 0.32-a0-814-g0968bab981 (webtiles) character file.

Game seed: 16822895856319254560

160 smashvw the Grave Robber (level 5, 0/35 HPs)
             Began as a Human Necromancer on Mar 23, 2024.
             Slain by a gnoll
             ... wielding a +0 club
              (5 damage)
             ... on level 5 of the Dungeon.
             The game lasted 00:09:35 (2722 turns).

smashvw the Grave Robber (Human Necromancer)        Turns: 2722, Time: 00:09:36

Health: 0/35       AC:  3    Str:  8    XL:     5   Next: 41%
Magic:  9/9        EV: 12    Int: 18    God:
Gold:   261        SH:  0    Dex: 19    Spells: 6/10 levels left

rFire   . . .        j - +1 spear (pain)
rCold   . . .        (no shield)
rNeg    . . .        a - +0 robe
rPois   .            l - +0 helmet
rElec   .            (no cloak)
rCorr   .            (no gloves)
SInv    .            (no boots)
Will    .....        (no amulet)
Stlth   +++          q - +6 ring of dexterity
HPRegen 0.25/turn    (no ring)
MPRegen 0.11/turn

%: no passive effects
@: about to teleport, marked
A: explore regen
a: no special abilities


You were on level 5 of the Dungeon.
You visited 1 branch of the dungeon, and saw 6 of its levels.

You collected 261 gold pieces.

Inventory:

Hand Weapons
 e - a +0 dagger
 j - a +1 spear of pain (weapon)
 p - a +1 hammer of protection
Armour
 a - a +0 robe (worn)
 l - a +0 helmet (worn)
Jewellery
 q - a +6 ring of dexterity (left hand)
Talismans
 n - a maw talisman
Wands
 i - a wand of light (10)
 k - a wand of flame (40)
Scrolls
 c - 2 scrolls of enchant weapon
 t - a scroll of noise {unknown}
Potions
 b - 2 potions of magic
 d - a potion of haste {unknown}
 g - a potion of invisibility {unknown}
 h - 3 potions of might {unknown}
 m - 2 potions of heal wounds {unknown}
 o - 2 potions of cancellation {unknown}
 r - a potion of degeneration {unknown}


   Skills:
 + Level 3.1 Dodging
 + Level 3.3 Stealth
 + Level 3.0 Spellcasting
 + Level 4.8 Necromancy


You had 6 spell levels left.
You knew the following spells:

 Your Spells              Type           Power      Damage    Failure   Level
a - Necrotise             Necr           76%        1d7       2%          1
b - Vampiric Draining     Necr           19%        2d7       7%          3

Your spell library contained the following spells:

 Spells                   Type           Power      Damage    Failure   Level
 Animate Dead             Necr           19%        N/A       22%         4
 Blink                    Tloc           4%         N/A       24%         2
 Lesser Beckoning         Tloc           4%         N/A       24%         2
 Momentum Strike          Conj/Tloc      4%         3d8       24%         2
 Inner Flame              Hex/Fire       2%         N/A       43%         3
 Curse of Agony           Necr           19%        N/A       54%         5
 Irradiate                Conj/Alch      1%         3d12      99%         5
 Ignition                 Fire           1%         3d3       100%        8


Dungeon Overview and Level Annotations

Branches:
Dungeon (6/15)
 Temple: D:4-7

Altars:
Vehumet
Xom
Zin

Shops:
D:1 ?

Annotations:
D:2 1 runed translucent door, Crazy Yiuf


Innate Abilities, Weirdness & Mutations

You regain HP and MP as you explore.


Message History

A malevolent force fills the Dungeon...
With a horrendous wail, an alarm goes off!
A sentinel's mark forms upon you.
You hear a shout! x3; You hear a bark!
You hear a shout! x6
You hear a loud, deep croak!
You hear a shout! x2; You hear an angry hiss.
You hear a shout! 2 gnolls come into view.
A gnoll comes into view. It is wielding a +0 flail.
The gnoll hits you from afar with a +0 spear!
As you read the scroll labelled LOUSODD MAMIYT, it crumbles to dust.
It is a scroll of identify.
c - 2 scrolls of enchant weapon The gnoll hits you from afar with a +0 spear.
As you read the scroll of identify, it crumbles to dust.
s - a scroll of teleportation The gnoll closely misses you.
A gnoll comes into view. It is wielding a +0 spear.
You hit the gnoll but do no damage.
The gnoll writhes in agony.
The gnoll is moderately wounded.
The gnoll hits you from afar with a +0 spear!
A gnoll comes into view. It is wielding a +0 spear.
Okay, then.
You barely miss the gnoll.
The gnoll is moderately wounded.
The gnoll closely misses you.
You hit the gnoll.
The gnoll writhes in agony.
The gnoll is heavily wounded.
The gnoll closely misses you. x2
You hit the gnoll but do no damage.
The gnoll writhes in agony.
The gnoll is severely wounded.
The gnoll barely misses you. The gnoll hits you with a +0 flail!
The gnoll barely misses you.
Okay, then.
As you read the scroll of teleportation, it crumbles to dust.
You feel strangely unstable. The gnoll barely misses you.
The gnoll hits you from afar with a +0 spear!
* * * LOW HITPOINT WARNING * * *
A lemure comes into view.
The gnoll hits you with a +0 club.
You die...

############
#g@g.......#
#..........#
#.gg.......####
#..g...........
####.##.#######
..5##..#
#.#.####.# # ..
#.# g.# #.##


You could see a lemure and 5 gnolls.

Vanquished Creatures
  A bombardier beetle (D:3)
  Robin (D:2)
  A gnoll (D:3)
  2 adders
  4 dart slugs
  7 orcs (D:3)
  6 ball pythons
  7 endoplasms
  3 giant cockroaches
  12 goblins
  7 hobgoblins
  5 kobolds
  5 quokkas
  4 bats
  A frilled lizard (D:3)
  6 rats
72 creatures vanquished.

Vanquished Creatures (others)
  A goblin (D:2)
1 creature vanquished.

Grand Total: 73 creatures vanquished

Notes
Turn   | Place    | Note
-------+----------+-------------------------------------------
     0 | D:1      | smashvw the Human Necromancer began the quest for the Orb.
     0 | D:1      | Reached XP level 1. HP: 13/13 MP: 3/3
    95 | D:1      | Found Omuifarch's Magic Scroll Emporium.
   191 | D:1      | Reached XP level 2. HP: 17/19 MP: 0/5
   908 | D:2      | Reached XP level 3. HP: 24/24 MP: 6/6
   921 | D:2      | Learned a level 3 spell: Vampiric Draining
   975 | D:2      | Noticed Robin
  1036 | D:2      | Killed Robin
  1129 | D:2      | Reached XP level 4. HP: 30/30 MP: 3/7
  1660 | D:2      | Found a runed translucent door.
  1661 | D:2      | Noticed Crazy Yiuf
  1784 | D:3      | Found a radiant altar of Vehumet.
  1973 | D:3      | Found a faded altar of an unknown god.
  2007 | D:3      | Found a shimmering altar of Xom.
  2122 | D:3      | Noticed an angel
  2123 | D:3      | Found a glowing silver altar of Zin.
  2309 | D:3      | Reached XP level 5. HP: 35/35 MP: 5/9
  2683 | D:4      | You fall into a shaft and drop 2 floors!
  2698 | D:5      | Entered Level 5 of the Dungeon
  2722 | D:5      | Noticed a lemure
  2722 | D:5      | Slain by a gnoll

Illustrated notes

Levels and vault maps discovered:
D:1:      psy_arrival_fountain, layout_loops_ring, serial_shops,
          nicolae_square_shop
D:2:      layout_loops_ring, minmay_misc_feat_room, minmay_misc_feat_nine_boxes,
          minivault_19, uniq_robin, uniq_crazy_yiuf_cottage
D:3:      minmay_recursive_quarters, layout_basic,
          grunt_temple_overflow_order_and_chaos_1, vehumet_altar_wand_db,
          hellmonk_ecumenical_altar_heavens_door, uniq_sigmund
D:4:      nicolae_cairo_tiling, layout_rooms, mainiacjoe_overflow_tiny_flanked,
          amcnicky_mini_pool_small, uniq_grinder
D:5:      minmay_goblin_kobold_castle, layout_rooms,
          nicolae_tso_besieged_by_evil, minmay_temple_entry_wispy,
          grunt_decor_clamped, nicolae_elevator_lobby_plus, uniq_pikel
D:6:      layout_gridville

Skill      XL: |  1  2  3  4  5 |
---------------+----------------+-----
Stealth        | 3 |  3.3
Dodging        | 3 |  3.1
Spellcasting   | 3 |  3.0
Necromancy     | |  4.8

Action                     |  1- 3 |  4- 6 || total
---------------------------+-------+-------++-------
  Melee: Dagger            |    95 |       ||    95
         Unarmed           |     6 |       ||     6
         Spear             |     8 |    89 ||    97
   Cast: Necrotise         |    15 |       ||    15
         Vampiric Draining |     2 |     5 ||     7
    Use: Scroll            |       |     3 ||     3
   Stab: Sleeping          |     1 |     7 ||     8
 Armour: Robe              |    72 |    59 ||   131
  Dodge: Dodged            |    73 |    62 ||   135

Table legend: (Time is in decaauts)
 A = Elapsed time spent in this place.
 B = Non-inter-level travel time spent in this place.
 C = Inter-level travel time spent in this place.
 D = Time resting spent in this place.
 E = Time spent auto-exploring this place.
 F = Levels seen in this place.
 G = Mean time per level.
                   A        B        C        D        E       F      G
               +--------+--------+--------+--------+--------+-----+--------+
         Total |   2728 |   2685 |     43 |      0 |   2137 |   6 |  454.7 |
       Dungeon |   2728 |   2685 |     43 |      0 |   2137 |   6 |  454.7 |
               +--------+--------+--------+--------+--------+-----+--------+

Top non-repeatable levels by time:
     D:2: 1010 daAuts
     D:1: 768 daAuts
     D:3: 735 daAuts
     D:4: 175 daAuts
     D:5: 24 daAuts
     D:6: 14 daAuts
